 Dungeon Crawl Stone Soup version 0.30-a0-632-g346586fe48 (webtiles) character file.

Game seed: 17575888306057628006

5283 bjtr the Geomancer (level 10, -12/68 HPs)
             Began as a Formicid Earth Elementalist on Jan 11, 2023.
             Was a Believer of Vehumet.
             Killed from afar by an acid dragon (26 damage)
             ... with a splash of acid
             ... on level 8 of the Dungeon on Jan 14, 2023.
             The game lasted 01:23:14 (12756 turns).

bjtr the Geomancer (Formicid Earth Elementalist)   Turns: 12756, Time: 01:23:14

Health: -12/68     AC:  3    Str: 13    XL:     10   Next: 94%
Magic:  20/23      EV: 11    Int: 19    God:    Vehumet [**....]
Gold:   320        SH: 11    Dex: 14    Spells: 8/27 levels left

rFire   + + .      SeeInvis +    a - +5 great mace (holy)
rCold   + . .      Faith    .    e - +1 buckler
rNeg    . . .      Spirit   .    f - +0 leather armour "Koshroczi" {rF++ rC+ SInv}
rPois   .          Reflect  +    (helmet unavailable)
rElec   .          Harm     .    u - +0 cloak
rCorr   .          Rampage  .    (no gloves)
Will    +....                    N - +2 pair of boots
Stlth   ++                       c - amulet of reflection
HPRegen 0.31/turn                (no ring)
MPRegen 0.18/turn                (no ring)

@: corroded
A: permanent stasis, dig shafts and tunnels, antennae 3, four strong arms
a: Dig, Shaft Self, Renounce Religion


You were on level 8 of the Dungeon.
You worshipped Vehumet.
Vehumet was pleased with you.
You visited 2 branches of the dungeon, and saw 9 of its levels.
You also visited: Bailey.

You collected 450 gold pieces.
You spent 130 gold pieces at shops.

Inventory:

Hand Weapons
 a - a +5 great mace of holy wrath (weapon)
 b - a +0 sling
 d - a +0 hand axe
 h - a +0 war axe
 o - a +0 quarterstaff
 p - a +4 glaive
 q - a +0 giant spiked club
 r - a +2 flail of draining
 F - a +0 dagger of speed
 O - a +4 halberd
 S - a +3 heavy mace
Missiles
 g - 5 throwing nets
 k - 21 poisoned darts
 t - 17 boomerangs
Armour
 e - a +1 buckler (worn)
 f - the +0 leather armour "Koshroczi" (worn) {rF++ rC+ SInv}
   (You took it off an orc priest on level 7 of the Dungeon)

   rF:        It greatly protects you from fire.
   rC:        It protects you from cold.
   SInv:      It lets you see invisible.
 u - a +0 cloak (worn)
 I - +0 steam dragon scales
 L - a +0 scale mail of positive energy
 N - a +2 pair of boots (worn)
Magical Staves
 m - a staff of conjuration
Jewellery
 c - an amulet of reflection (around neck)
 Q - a ring of positive energy
Wands
 j - a wand of mindburst (10)
 n - a wand of flame (25)
 s - a wand of roots (15)
 y - a wand of paralysis (22)
 T - a wand of polymorph (1)
Scrolls
 w - a scroll of enchant weapon {unknown}
 x - a scroll of identify
 B - a scroll of fear
 E - 2 scrolls of vulnerability
 J - 2 scrolls of poison {unknown}
 K - a scroll of teleportation {unknown}
 P - a scroll of butterflies {unknown}
 R - a scroll of enchant armour
Potions
 i - a potion of magic
 l - a potion of flight
 v - a potion of ambrosia
 z - a potion of might
 A - 3 potions of attraction
 C - 5 potions of curing
 D - 3 potions of cancellation
 G - a potion of invisibility
 H - a potion of heal wounds
 M - a potion of brilliance


   Skills:
 + Level 2.4 Fighting
 + Level 2.6 Armour
 - Level 1.7 Dodging
 + Level 3.8 Stealth
 * Level 6.5 Shields
 * Level 9.3 Spellcasting
 + Level 2.0 Conjurations
 + Level 1.7 Transmutations
 * Level 10.5 Earth Magic
 * Level 7.7 Poison Magic
 + Level 0.1 Evocations


You had 8 spell levels left.
You knew the following spells:

 Your Spells              Type           Power      Damage    Failure   Level
a - Sandblast             Erth           98%        2d20      1%          1
b - Passwall              Tmut/Erth      26%        N/A       1%          2
c - Stone Arrow           Conj/Erth      64%        3d11      2%          3
d - Mephitic Cloud        Conj/Pois/Air  21%        N/A       10%         3
e - Searing Ray           Conj           32%        2d5       8%          2
f - Petrify               Tmut/Erth      32%        N/A       10%         4
g - Olgreb's Toxic Radia  Pois           38%        N/A       4%          4

Your spell library contained the following spells:

 Spells                   Type           Power      Damage    Failure   Level
 Scorch                   Fire           16%        2d6       19%         2
 Sting                    Tmut/Pois      100%       1d8       1%          1
 Poisonous Vapours        Pois/Air       46%        N/A       3%          2
 Magic Dart               Conj           64%        1d6       5%          1
 Kiss of Death            Conj/Necr      48%        2d9       8%          1
 Call Imp                 Summ           8%         N/A       19%         2
 Confusing Touch          Hex            8%         N/A       34%         3
 Fulminant Prism          Conj/Hex       6%         3d6       61%         4
 Dispel Undead            Necr           8%         3d8       75%         4


Dungeon Overview and Level Annotations

Branches:
Dungeon (8/15)             Temple (1/1) D:5            Lair (0/5) D:8
 Bailey (visited)

Altars:
Ashenzari
Cheibriados
Dithmenos
Elyvilon
Fedhas
Gozag
Hepliaklqana
Kikubaaqudgha
Makhleb
Nemelex Xobeh
Okawaru
Qazlal
Ru
Sif Muna
Trog
Uskayaw
Vehumet
Wu Jian
Xom
Yredelemnul
Zin
The Shining One

Shops:
D:6 !

Annotations:
D:7 exclusion: oklob plant


Innate Abilities, Weirdness & Mutations

You cannot be hasted, slowed, berserked, paralysed or teleported.
You can dig through walls and to a lower floor.
You have a pair of large antennae on your head. (SInv)
Your four strong arms can wield two-handed weapons with a shield.


Message History

Items here: ))))) ÷÷÷÷.
Found a stone staircase leading up.
An acid dragon comes into view.
A sky beast comes into view.
Found a stone staircase leading down.
The acid dragon roars!
The acid dragon barely misses you. You block the acid dragon's attack.
You closely miss the acid dragon. You block the acid dragon's attack. x2
The acid dragon spits acid at you. The splash of acid hits you!!
The acid corrodes you!
You hear a shout!
You hit the acid dragon but do no damage.
You block the acid dragon's attack. x3; The acid dragon closely misses you.
You block the acid dragon's attack.
The acid dragon claws you but does no damage.
The sky beast flickers out of sight for a moment.
The acid dragon spits acid at you. The splash of acid hits you!!
Casting: Stone Arrow (dangerous; 2% risk of failure)
Confirm with . or Enter, or press ? or * to list all spells.
Aiming: Mephitic Cloud (dangerous; 10% risk of failure)
Press: ? - help, Shift-Dir - straight line, f - acid dragon
Aim: an acid dragon (not susceptible)
The ball explodes into a vile cloud!
The stinking cloud engulfs the acid dragon but does no damage.
The stinking cloud engulfs the sky beast but does no damage.
You hit the acid dragon.
The acid dragon is moderately wounded.
You block the acid dragon's attack. The acid dragon claws you.
The sky beast is engulfed in noxious fumes.
The sky beast appears confused.
You barely miss the acid dragon.
The acid dragon is moderately wounded.
The acid dragon bites you.
* * * LOW HITPOINT WARNING * * *
The acid dragon claws you.
* * * LOW HITPOINT WARNING * * *
The acid dragon spits acid at you. The splash of acid hits you!!
You die...

........**#....##.....# ........*
#.....#.....## .#......*
*#...........#
.#......*###...........##########
[.......,#.......Y...............
..####..,......○...#############.
.......#,..###.#○### #..
..######,*** #,#D# #.# ..## *,,*
*#.#@#### **###.# ...#***,**
#.......# *,.....
...#*,..****#.......# *,≈≈≈~~
.#.##...,,,.........# #.~####
.#......,...........# #.~#∩.#
....############.#.## #.~#..'
.#####..##########..#######.~#..'
......†..............#......≈#..'
###################.........~#>.#


You could see an acid dragon (catching breath) and a sky beast (invisible,
confused).

Vanquished Creatures
  Pikel (D:7)
  Prince Ribbit (D:7)
  A hornet (D:6)
  Sigmund (D:2)
  A wyvern (D:6)
  Eustachio (D:6)
  A steam dragon (D:6)
  Menkaure (D:5)
  A water moccasin (D:7)
  Duvessa (D:7)
  2 sky beasts (D:7)
  A black bear (D:6)
  An ice beast (D:7)
  An ogre (D:6)
  7 wolves (Bailey)
  2 phantoms (D:5)
  Blork the orc (D:6)
  7 gnoll sergeants (Bailey)
  A necrophage (D:5)
  3 bullfrogs
  2 scorpions
  Dowan (D:7)
  5 howler monkeys
  5 hounds
  5 jellies
  7 gnoll boudas (Bailey)
  3 orc priests (D:7)
  3 iguanas
  5 orc wizards
  Terence (D:3)
  Ijyb (D:3)
  16 gnolls
  9 adders
  A white imp (D:7)
  An ufetubus (D:7)
  3 worms
  5 dart slugs
  21 orcs
  13 bats
  19 endoplasms
  2 giant cockroaches (D:2)
  8 goblins
  12 hobgoblins
  9 kobolds
  5 quokkas
  8 ball pythons
  5 frilled lizards
  4 rats
215 creatures vanquished.

Vanquished Creatures (others)
  21 fungi
21 creatures vanquished.

Grand Total: 236 creatures vanquished

Notes
Turn   | Place    | Note
-------+----------+-------------------------------------------
     0 | D:1      | bjtr the Formicid Earth Elementalist began the quest for
                  | the Orb.
     0 | D:1      | Reached XP level 1. HP: 13/13 MP: 3/3
   282 | D:1      | Reached XP level 2. HP: 16/17 MP: 3/5
   285 | D:1      | Learned a level 2 spell: Passwall
   350 | D:1      | Reached skill level 4 in Earth Magic
   774 | D:1      | Reached XP level 3. HP: 24/24 MP: 4/6
   979 | D:1      | Reached skill level 1 in Shields
  1334 | D:2      | Upgraded the game from 0.30-a0-622-gddc90eaa04 to
                  | 0.30-a0-626-gd6a5dd7a1f
  1756 | D:2      | Noticed Sigmund
  1859 | D:2      | Reached XP level 4. HP: 30/30 MP: 6/8
  2008 | D:2      | Learned a level 3 spell: Stone Arrow
  2012 | D:2      | Learned a level 3 spell: Mephitic Cloud
  2043 | D:2      | You fall into a shaft and drop 1 floor!
  2118 | D:3      | Reached skill level 5 in Earth Magic
  2135 | D:3      | Reached XP level 5. HP: 22/35 MP: 1/10
  2219 | D:3      | Noticed Terence
  2222 | D:3      | Killed Terence
  2287 | D:3      | Found a burning altar of Makhleb.
  2366 | D:2      | Reached skill level 1 in Poison Magic
  2382 | D:2      | Killed Sigmund
  2383 | D:2      | Reached XP level 6. HP: 34/41 MP: 10/13
  2954 | D:3      | Noticed Ijyb
  2974 | D:3      | Killed Ijyb
  3166 | D:3      | Reached skill level 5 in Spellcasting
  3166 | D:3      | Reached XP level 7. HP: 5/46 MP: 10/14
  3650 | D:4      | Upgraded the game from 0.30-a0-626-gd6a5dd7a1f to
                  | 0.30-a0-632-g346586fe48
  4027 | D:4      | Learned a level 2 spell: Searing Ray
  4110 | D:4      | Reached skill level 6 in Earth Magic
  4755 | D:5      | Entered Level 5 of the Dungeon
  4918 | D:5      | Reached XP level 8. HP: 47/53 MP: 9/16
  5320 | D:5      | Reached skill level 7 in Earth Magic
  5402 | D:5      | Noticed Menkaure
  5405 | D:5      | Killed Menkaure
  5641 | D:5      | Found a staircase to the Ecumenical Temple.
  5650 | Temple   | Entered the Ecumenical Temple
  5804 | Temple   | Became a worshipper of Vehumet
  6048 | D:5      | Found a hazy altar of Hepliaklqana.
  6056 | D:5      | Found an opulent altar of Gozag.
  6057 | D:5      | Found an ancient bone altar of Kikubaaqudgha.
  6058 | D:5      | Found a glowing golden altar of the Shining One.
  6058 | D:5      | Found a shimmering blue altar of Sif Muna.
  6446 | D:6      | Noticed Eustachio
  6562 | D:6      | Killed Eustachio
  6563 | D:6      | Reached skill level 1 in Armour
  6563 | D:6      | Reached skill level 8 in Earth Magic
  6663 | D:6      | Reached skill level 5 in Poison Magic
  6790 | D:6      | Reached XP level 9. HP: 58/58 MP: 8/19
  6826 | D:6      | Noticed Blork the orc
  6835 | D:6      | Killed Blork the orc
  6950 | D:6      | Found Alixzakh's Distillery.
  6953 | D:6      | Bought a potion of heal wounds for 65 gold pieces
  6953 | D:6      | Bought a potion of heal wounds for 65 gold pieces
  7139 | D:6      | Found a shimmering altar of Xom.
  7139 | D:6      | Found an ornate altar of the Wu Jian Council.
  7297 | D:5      | Reached skill level 1 in Conjurations
  7710 | D:7      | Noticed Dowan
  7711 | D:7      | Noticed Duvessa
  7993 | D:7      | Noticed a hornet
  8115 | D:6      | Killed a hornet
  8279 | D:6      | Reached skill level 1 in Fighting
  8318 | D:7      | Killed Duvessa
  8319 | D:7      | Reached skill level 9 in Earth Magic
  8429 | D:7      | Killed Dowan
  8440 | D:7      | Identified the +0 leather armour "Koshroczi" {rF++ rC+
                  | SInv}
  8678 | D:7      | Reached * piety under Vehumet
  8678 | D:7      | Offered knowledge of Shock by Vehumet.
  8816 | D:7      | Reached skill level 5 in Shields
  8888 | D:7      | Noticed an oklob plant
  8995 | D:7      | Reached XP level 10. HP: 67/67 MP: 14/21
  9065 | D:7      | Found an iron altar of Okawaru.
  9116 | D:7      | Noticed Prince Ribbit
  9127 | D:7      | Killed Prince Ribbit
  9905 | D:7      | Noticed Pikel
  9912 | D:7      | Killed Pikel
  9913 | D:7      | Reached skill level 10 in Earth Magic
 10303 | D:7      | Learned a level 4 spell: Petrify
 11707 | D:8      | Found a broken altar of Ashenzari.
 11785 | D:8      | Found a flagged portal.
 11800 | Bailey   | Entered a bailey
 11888 | Bailey   | Learned a level 4 spell: Olgreb's Toxic Radiance
 12102 | Bailey   | Offered knowledge of Scorch by Vehumet.
 12103 | Bailey   | Reached ** piety under Vehumet
 12756 | D:8      | Killed from afar by an acid dragon

Illustrated notes

Levels and vault maps discovered:
D:1:      dpeg_arrival_three_same_balls, layout_loops_corners
D:2:      layout_basic, roderic_serpentine_path, minmay_hexomino_p4,
          uniq_sigmund
D:3:      layout_basic, lemuel_round_altar, uniq_terence, uniq_ijyb
D:4:      layout_gridville
D:5:      layout_basic, minitemple, minmay_temple_entry_statues_fountains,
          serial_aquarium, aquarium_bridge_straight [aquarium_subvault_bridge,
          aquarium_subvault_window, aquarium_subvault_bridge,
          aquarium_subvault_balcony], aquarium_bridge_square
          [aquarium_subvault_bridge, aquarium_subvault_bridge,
          aquarium_subvault_bridge, aquarium_subvault_wall],
          aquarium_window_corridor_1, aquarium_window_1, aquarium_window_1,
          aquarium_view_2b, aquarium_view_2a, aquarium_pool_2,
          hangedman_abyss_or_decor_passed, uniq_menkaure
D:6:      layout_rooms, gammafunk_temple_overflow_pools, serial_shops,
          kennysheep_mini, uniq_eustachio, uniq_blork_the_orc
D:7:      lemuel_slime, layout_basic, mainiacjoe_overflow_tiny_flanked,
          uniq_prince_ribbit1, uniq_duvessa, uniq_pikel
D:8:      layout_rooms, nicolae_overflow_hidden_temple, lair_entry_dummy,
          enter_bailey_4
Temple:   hellmonk_temple_forest_ring

Skill      XL: |  1  2  3  4  5  6  7  8  9 10 |
---------------+-------------------------------+-----
Earth Magic    | 4 5 6 8 9 10 | 10.5
Shields        | 1 2 3 5 6 |  6.5
Spellcasting   | 3 4 5 6 7 9 |  9.3
Poison Magic   | 1 2 3 5 6 7 |  7.7
Armour         | 1 2 |  2.6
Conjurations   | 1 2 |  2.0
Stealth        | 3 |  3.8
Fighting       | 1 2 |  2.4
Dodging        | |  1.7
Transmutations | |  1.7
Evocations     | |  0.1

Action                   |  1- 3 |  4- 6 |  7- 9 | 10-12 || total
-------------------------+-------+-------+-------+-------++-------
Melee: Hand axe          |    32 |       |       |       ||    32
       Quarterstaff      |       |    16 |    52 |    19 ||    87
       Halberd           |       |       |       |    28 ||    28
       Great mace        |       |       |       |    11 ||    11
       Flail             |       |       |       |     9 ||     9
 Fire: Sling             |       |       |       |     3 ||     3
 Cast: Sandblast         |    53 |    43 |    81 |    29 ||   206
       Stone Arrow       |       |       |    59 |    44 ||   103
       Mephitic Cloud    |       |       |    17 |     9 ||    26
       Searing Ray       |       |       |     2 |     6 ||     8
       Passwall          |       |       |    12 |     4 ||    16
       Petrify           |       |       |       |    26 ||    26
       Olgreb's Toxic Ra |       |       |       |     8 ||     8
 Abil: Dig               |     1 |       |       |       ||     1
Evoke: Wand              |       |     4 |       |     3 ||     7
  Use: Scroll            |     2 |       |    10 |     2 ||    14
       Potion            |       |     2 |       |     1 ||     3
 Stab: Confused          |       |       |     4 |     2 ||     6
       Petrified         |       |       |       |     8 ||     8
Armor: Leather armour    |    12 |       |    18 |    17 ||    47
       Steam dragon scal |       |       |     7 |       ||     7
Dodge: Dodged            |    16 |    15 |    56 |    37 ||   124
Block: Buckler           |    24 |    13 |    84 |    84 ||   205
       Reflection        |       |       |     2 |     6 ||     8

Table legend: (Time is in decaauts)
 A = Elapsed time spent in this place.
 B = Non-inter-level travel time spent in this place.
 C = Inter-level travel time spent in this place.
 D = Time resting spent in this place.
 E = Time spent auto-exploring this place.
 F = Levels seen in this place.
 G = Mean time per level.
                   A        B        C        D        E       F      G
               +--------+--------+--------+--------+--------+-----+--------+
         Total |  12941 |  12508 |    433 |   5083 |   4786 |  10 | 1294.1 |
       Dungeon |  11843 |  11433 |    410 |   4598 |   4593 |   8 | 1480.4 |
        Temple |    165 |    142 |     23 |      0 |    131 |   1 |  165.0 |
        Bailey |    932 |    932 |      0 |    484 |     62 |   1 |  932.0 |
               +--------+--------+--------+--------+--------+-----+--------+

Top non-repeatable levels by time:
     D:7: 3159 daAuts
     D:6: 1951 daAuts
     D:5: 1746 daAuts
     D:2: 1571 daAuts
     D:1: 1296 daAuts
     D:4: 1160 daAuts
  Bailey: 932 daAuts
     D:3: 809 daAuts
  Temple: 165 daAuts
     D:8: 148 daAuts
